 Dungeon Crawl Stone Soup version 0.21-a0-329-g12f17e1 (webtiles) character file.

31 vishdafish the Charmwright (level 3, 0/27 HPs)
             Began as a Demonspawn Skald on Oct 1, 2017.
             Succumbed to a kobold's poison
             ... on level 1 of the Dungeon.
             The game lasted 00:01:33 (1288 turns).

vishdafish the Charmwright (Demonspawn Skald)       Turns: 1288, Time: 00:01:34

Health: 0/27       AC:  5    Str:  8 (11) XL:     3   Next: 7%
Magic:  4/6        EV: 11    Int: 14 (15) God:
Gold:   44         SH:  0    Dex:  9 (12) Spells: 5/6 levels left

rFire    . . .     SeeInvis .   a - +0 spear
rCold    . . .     Gourm    .   (no shield)
rNeg     . . .     Faith    .   b - +0 leather armour
rPois    .         Spirit   .   (no helmet)
rElec    .         Reflect  .   (no cloak)
rCorr    .         Harm     .   (no gloves)
MR       .....                  (no boots)
Stlth    +.........             (no amulet)
HPRegen  0.09/turn              (no ring)
MPRegen  0.10/turn              (no ring)

@: lethally poisoned (0 -> -19), infused
A: hooves 1, thin metallic scales 1
a: no special abilities


You were on level 1 of the Dungeon.
You were not hungry.

You visited 1 branch of the dungeon, and saw 2 of its levels.

You collected 44 gold pieces.

Inventory:

Hand Weapons
 a - a +0 spear (weapon)
Armour
 b - a +0 leather armour (worn)
 e - a +0 ring mail of magic resistance
Jewellery
 k - an uncursed ring of ice
Scrolls
 h - 2 scrolls of identify {unknown}
 i - a scroll of amnesia {unknown}
 j - a scroll of random uselessness {unknown}
Potions
 f - a potion of degeneration
Books
 c - a book of Battle

   Spells                             Type                      Level
   a - Infusion                       Charms                       1
   b - Shroud of Golubria             Charms/Translocation         2
   c - Song of Slaying                Charms                       2
   d - Spectral Weapon                Hexes/Charms                 3
   e - Regeneration                   Charms/Necromancy            3
Comestibles
 d - 4 bread rations
 g - 4 fruits


   Skills:
 - Level 2.1 Fighting
 + Level 2.2 Polearms
 * Level 1.7 Armour
 - Level 2.0 Dodging
 - Level 2.0 Spellcasting
 - Level 3.0 Charms


You had 5 spell levels left.
You knew the following spells:

 Your Spells              Type           Power        Failure   Level  Hunger
a - Infusion              Chrm           #...         10%         1    ##.....


Dungeon Overview and Level Annotations

Branches:
Dungeon (2/15)

Altars:


Innate Abilities, Weirdness & Mutations

You have large cloven feet.
You are partially covered in thin metallic scales. (AC +2)


Message History

* * * LOW HITPOINT WARNING * * *
You feel sick.
* * * LOW HITPOINT WARNING * * *
You feel sick.
There is a stone staircase leading up here.
* * * LOW HITPOINT WARNING * * *
You feel sick. The kobold hits you but does no damage.
You are more poisoned.
You climb upwards.
* * * LOW HITPOINT WARNING * * *
You feel very sick.
There is a stone staircase leading down here.
Casting: Infusion
Confirm with . or Enter, or press ? or * to list all spells.
You begin infusing your attacks with magical energy.
* * * LOW HITPOINT WARNING * * *
You feel sick. The kobold misses you.
You hit the kobold!
You kill the kobold!
You die...

######## ###### #......#
#..... #......# #.####
#......# #)# # #.....)# #.#
# ##......#####'####
#@..............#
#)###.####......# #.# #.#
#......# ##.###.# #......#
###....#.# ####.>##
#####......#.#######...##
#........................
####..........#.#######.....
#.............#.# ####..


There were no monsters in sight!

Vanquished Creatures
  An adder (D:2)
  A dart slug (D:2)
  A leopard gecko (D:2)
  A ball python (D:1)
  2 goblins
  5 hobgoblins
  3 kobolds (D:1)
  A bat (D:2)
  A frilled lizard (D:1)
  2 rats
18 creatures vanquished.

Notes
Turn   | Place    | Note
-------+----------+-------------------------------------------
     0 | D:1      | vishdafish the Demonspawn Skald began the quest for the Orb.
     0 | D:1      | Reached XP level 1. HP: 16/16 MP: 3/3
    17 | D:1      | Reached skill level 1 in Armour
   764 | D:1      | Gained mutation: You are partially covered in thin metallic scales. (AC +2) [demonic ancestry]
   764 | D:1      | Reached XP level 2. HP: 19/22 MP: 0/5
   879 | D:1      | Reached skill level 3 in Charms
  1209 | D:2      | Gained mutation: You have large cloven feet. [demonic ancestry]
  1209 | D:2      | Reached XP level 3. HP: 11/27 MP: 2/6
  1287 | D:1      | HP: 1/27 [poisoned by a kobold]
  1288 | D:1      | Succumbed to a kobold's poison

Vault maps used:
D:1:      co_arrival_hall_of_pillars, interstate_on_off,
          kennysheep_pointless_box, st_stairs_8
D:2:      gammafunk_temple_of_torment, nicolae_overflow_hidden_temple,
          lemuel_round_altar, chequers_temple_overflow_statue_of_worship,
          uniq_crazy_yiuf_cottage, uniq_sigmund, uniq_jessica

Skill      XL: |  1  2 |
---------------+-------+-----
Armour         | 1 |  1.7
Dodging        | 2 |  2.0
Polearms       | 2 |  2.2
Charms         | 3 |  3.0
Fighting       | |  2.1
Spellcasting   | |  2.0

Action                   || total
-------------------------++-------
Melee: Spear             ||    79
 Cast: Infusion          ||     7
  Use: Potion            ||     1
 Stab: Sleeping          ||     1
  Eat: Chunk             ||     1
Armor: Leather armour    ||    18
Dodge: Dodged            ||    41

Table legend:
 A = Spawn XP
 B = Non-spawn XP
 C = Spawn XP percentage of total XP
 D = Spawn monster count
 E = Non-spawn monster count
 F = Spawn count percentage of total count
 G = Total turns spent on level
                    A         B        C        D         E        F      G
               +---------+---------+-------+---------+---------+-------+---------
         Total |       0 |      45 |   0.0 |       0 |      18 |   0.0 |  1288
               +---------+---------+-------+---------+---------+-------+---------
           D:1 |       0 |      19 |   0.0 |       0 |      11 |   0.0 |  1181
           D:2 |       0 |      26 |   0.0 |       0 |       7 |   0.0 |   107
               +---------+---------+-------+---------+---------+-------+---------
